 Dungeon Crawl Stone Soup version 0.25-a0-558-g78a2afb0af (webtiles) character file.

Game seed: 17259965268436431961, levelgen mode: deterministic

79 BeastOfSaturn the Skirmisher (level 4, -4/38 HPs)
             Began as a Ghoul Fighter on Feb 24, 2020.
             Was an Initiate of Ru.
             Shot with an arrow by a centaur (9 damage)
             ... on level 3 of the Dungeon.
             The game lasted 00:06:09 (1544 turns).

BeastOfSaturn the Skirmisher (Ghoul Fighter)        Turns: 1544, Time: 00:06:09

Health: -4/38      AC:  6    Str: 19    XL:     4   Next: 38%
Magic:  3/3        EV:  7    Int:  4    God:    Ru [......]
Gold:   78         SH:  9    Dex:  8    Spells: 3/3 levels left

rFire    . . .     SeeInvis .   i - +0 whip
rCold    + . .     Gourm    .   c - +0 kite shield
rNeg     + + +     Faith    .   b - +0 scale mail
rPois    ∞         Spirit   .   (no helmet)
rElec    .         Reflect  .   (no cloak)
rCorr    .         Harm     .   (no gloves)
MR       .....                  (no boots)
Stlth    ..........             (no amulet)
HPRegen  0.00/turn              (no ring)
MPRegen  0.08/turn              (no ring)

@: rotting
A: rotting body, claws 1, carnivore, cold resistance 1, negative energy
resistance 3, inhibited regeneration, torment resistance, unbreathing
a: Renounce Religion


You were on level 3 of the Dungeon.
You worshipped Ru.
Ru was noncommittal.
You were not hungry.

You visited 1 branch of the dungeon, and saw 3 of its levels.

You collected 78 gold pieces.

Inventory:

Hand Weapons
 i - a +0 whip (weapon)
Armour
 b - a +0 scale mail (worn)
 c - a +0 kite shield (worn)
Scrolls
 e - a scroll of teleportation {unknown}
 g - 2 scrolls of identify {unknown}
 k - 2 scrolls of enchant weapon {unknown}
Potions
 a - a potion of curing {unknown}
 d - a potion of might
 j - 2 potions of berserk rage {unknown}
 l - a potion of ambrosia {unknown}
Comestibles
 f - a ration
 h - a chunk of flesh


   Skills:
 + Level 3.4 Fighting
   Level 1.9 Long Blades
 * Level 1.2 Maces & Flails
 + Level 3.3 Armour
 + Level 0.3 Dodging
 * Level 3.4 Shields


You had 3 spell levels left.
You didn't know any spells.
Your spell library was empty.

Dungeon Overview and Level Annotations

Branches:
Dungeon (3/15)

Altars:
Ru


Innate Abilities, Weirdness & Mutations

Your body is rotting away.
You thrive on raw meat.
You are immune to poison.
You have sharp fingernails.
You are carnivorous and can eat meat at any time.
Your flesh is cold resistant. (rC+)
You are immune to negative energy. (rN+++)
You do not regenerate when monsters are visible.
You are immune to unholy pain and torment.
You can survive without breathing.


Message History

Eat one of 3 chunks of flesh? (ye/n/q)
You eat one of the 3 chunks of flesh.
This raw flesh tastes great!
The gnoll hits you from afar with a cursed -3 halberd!
* * * LOW HITPOINT WARNING * * *
You see here a stone.
There is a stone staircase leading down here.
You climb downwards.
A centaur and a crimson imp come into view.
The centaur shouts!
Found 25 gold pieces, a small coral ring and 18 stones.
Found a stone staircase leading down.
There is a stone staircase leading up here.
Eat one of 2 chunks of flesh? (ye/n/q)
You eat one of the 2 chunks of flesh.
This raw flesh tastes great!
The centaur wields a +0 shortbow.
The centaur shoots an arrow.
The arrow barely misses you.
You whack the crimson imp!
The crimson imp is heavily wounded.
The centaur shoots an arrow.
The arrow hits you!
You die...

... >.. .. ##.#
.c.## #...
#$#.####.##.##
.......@5....#
##.....$......#
#..(......=#...
#.#........# .
# #......(.#
#........#
##########


You could see a centaur and a crimson imp.

Vanquished Creatures
  A gnoll (D:2)
  3 adders (D:2)
  An ooze (D:1)
  A giant cockroach (D:1)
  4 goblins
  6 hobgoblins
  5 jackals
  5 kobolds
  3 ball pythons
  5 bats
  2 frilled lizards (D:1)
  3 rats (D:1)
39 creatures vanquished.

Notes
Turn   | Place    | Note
-------+----------+-------------------------------------------
     0 | D:1      | BeastOfSaturn the Ghoul Fighter began the quest for the
                  | Orb.
     0 | D:1      | Reached XP level 1. HP: 19/19 MP: 0/0
   161 | D:1      | Reached XP level 2. HP: 16/26 MP: 1/1
   740 | D:2      | Reached XP level 3. HP: 16/31 MP: 2/2
   900 | D:2      | Found a sacrificial altar of Ru.
   915 | D:2      | Became a worshipper of Ru the Awakened
  1324 | D:2      | Reached XP level 4. HP: 37/38 MP: 3/3
  1394 | D:2      | Reached skill level 1 in Maces & Flails
  1541 | D:3      | Noticed a centaur
  1544 | D:3      | Shot with an arrow by a centaur

Levels and vault maps discovered:
D:1:      evilmike_arrival_crescent, layout_basic
D:2:      layout_loops_ring, nicolae_ru_awakened_eye
D:3:      minmay_evil_eye, layout_rooms, uniq_terence

Skill      XL: |  1  2  3  4 |
---------------+-------------+-----
Armour         | 3 |  3.3
Shields        | 3 |  3.4
Maces & Flails | 1 |  1.2
Fighting       | |  3.4
Long Blades    | |  1.9
Dodging        | |  0.3

Action                   |  1- 3 |  4- 6 || total
-------------------------+-------+-------++-------
Melee: Long sword        |    37 |       ||    37
       Whip              |   165 |    31 ||   196
  Eat: Chunk             |    24 |     5 ||    29
Armor: Scale mail        |   103 |    17 ||   120
Dodge: Dodged            |    70 |    24 ||    94
Block: Kite shield       |   111 |    17 ||   128
       Rpst.: Long sword |     7 |       ||     7

Table legend:
 A = Non-vault XP
 B = Vault XP
 C = Vault XP percentage of total XP
 D = Non-vault monster count
 E = Vault monster count
 F = Vault count percentage of total count
                 A         B        C        D         E       F
            +---------+---------+-------+---------+---------+-------
      Total |     114 |       0 |   0.0 |      39 |       0 |   0.0
            +---------+---------+-------+---------+---------+-------
        D:1 |      26 |       0 |   0.0 |      14 |       0 |   0.0
        D:2 |      88 |       0 |   0.0 |      25 |       0 |   0.0
            +---------+---------+-------+---------+---------+-------
